 Dungeon Crawl Stone Soup version 0.22-a0-305-gd21a89c (webtiles) character file.

7 tidbits the Sneak (level 2, 4/26 HPs)
             Began as a Gnoll Assassin on Mar 29, 2018.
             Quit the game on level 2 of the Dungeon.
             The game lasted 00:00:47 (73 turns).

tidbits the Sneak (Gnoll Assassin)                    Turns: 73, Time: 00:00:48

Health: 4/26       AC:  3    Str: 13    XL:     2   Next: 4%
Magic:  2/2        EV: 13    Int: 13    God:
Gold:   3          SH:  0    Dex: 16    Spells: 1/1 levels left

rFire    . . .     SeeInvis .   a - +2 dagger
rCold    . . .     Gourm    .   (no shield)
rNeg     . . .     Faith    .   c - +0 robe
rPois    .         Spirit   .   (no helmet)
rElec    .         Reflect  .   d - +0 cloak
rCorr    .         Harm     .   (no gloves)
MR       .....                  (no boots)
Stlth    ++++......             (no amulet)
HPRegen  0.08/turn              (no ring)
MPRegen  0.08/turn              (no ring)

@: no status effects
A: distributed training, fangs 1, strong nose
a: no special abilities


You were on level 2 of the Dungeon.
You were not hungry.

You visited 1 branch of the dungeon, and saw 3 of its levels.

You collected 3 gold pieces.

Inventory:

Hand Weapons
 a - a +2 dagger (weapon)
 b - a +0 blowgun
 h - a +0 short sword
Missiles
 e - 8 poisoned needles
 f - 2 curare-tipped needles
 i - 3 stones (quivered)
 j - a throwing net {!f}
Armour
 c - a +0 robe (worn)
 d - a +0 cloak (worn)
Comestibles
 g - a ration


   Skills:
 + Level 4.4 Fighting
 + Level 4.4 Short Blades
 + Level 0.2 Long Blades
 + Level 0.2 Axes
 + Level 0.2 Maces & Flails
 + Level 0.2 Polearms
 + Level 0.2 Staves
 + Level 0.2 Slings
 + Level 0.2 Bows
 + Level 0.2 Crossbows
 + Level 4.4 Throwing
 + Level 0.2 Armour
 + Level 2.4 Dodging
 + Level 7.7 Stealth
 + Level 0.2 Shields
 + Level 0.2 Unarmed Combat
 + Level 0.2 Spellcasting
 + Level 0.1 Conjurations
 + Level 0.1 Hexes
 + Level 0.1 Charms
 + Level 0.1 Summonings
 + Level 0.1 Necromancy
 + Level 0.1 Translocations
 + Level 0.1 Transmutations
 + Level 0.1 Fire Magic
 + Level 0.1 Ice Magic
 + Level 0.1 Air Magic
 + Level 0.1 Earth Magic
 + Level 0.1 Poison Magic
 + Level 0.3 Invocations
 + Level 0.2 Evocations


You had one spell level left.
You didn't know any spells.

Dungeon Overview and Level Annotations

Branches:
Dungeon (3/15)

Altars:


Innate Abilities, Weirdness & Mutations

Your experience applies equally to all skills.
You have very sharp teeth.
Your uncanny sense of smell can sniff out nearby items.


Message History

Welcome, tidbits the Gnoll Assassin.
The bosom of this dungeon contains the fabled artefact, the Orb of Zot.
Press ? for a list of commands and other information.
Found a staircase leading out of the dungeon.
Found a stone staircase leading down.
Found 27 arrows.
There is a stone staircase leading down here.
You climb downwards.
There is a stone staircase leading up here.
Unknown command.
A kobold comes into view. It is wielding a short sword.
Found a stone staircase leading down.
Found 3 gold pieces.
The helpless kobold fails to defend itself.
You spit the kobold like a pig!!!
You kill the kobold!
Things that are here:
a short sword; 3 stones; a kobold corpse
h - a short sword;
i - 3 stones
Found a throwing net.
There is a stone staircase leading down here.
You climb downwards.
There is a stone staircase leading up here.
Unknown command.
You climb upwards.
There is a stone staircase leading down here.
Unknown command.
You see here 3 gold pieces.
You now have 3 gold pieces.
A goblin comes into view. It is wielding a dagger.
A dart slug comes into view.
A hobgoblin comes into view. It is wielding a club.
The dart slug launches a dart at you. The slug dart misses you.
A goblin comes into view. It is wielding a club.
You see here a throwing net {!f}.
j - a throwing net {!f} The hobgoblin shouts!
The goblin shouts!
You hear a shout!
The dart slug launches a dart at you. The slug dart misses you.
You hit the goblin.
You kill the goblin!
A goblin comes into view. It is wielding a dagger.
Things that are here:
a dagger; a goblin corpse You hit the dart slug.
The dart slug is moderately wounded.
You hit the dart slug.
The dart slug is heavily wounded.
The dart slug barely misses you. The hobgoblin barely misses you.
You barely miss the dart slug. You bite the dart slug.
The dart slug is severely wounded.
The hobgoblin hits you but does no damage.
You hit the dart slug.
The dart slug is severely wounded.
The dart slug bites you.
You hit the dart slug but do no damage.
The dart slug is severely wounded.
The hobgoblin misses you.
You hit the dart slug.
You kill the dart slug!
The hobgoblin hits you with a club.
You hit the hobgoblin but do no damage. You hit the hobgoblin.
The hobgoblin is lightly wounded.
The hobgoblin hits you with a club!
* * * LOW HITPOINT WARNING * * *
The goblin hits you with a dagger.
* * * LOW HITPOINT WARNING * * *
You hit the hobgoblin.
The hobgoblin is heavily wounded.
The hobgoblin barely misses you. The goblin closely misses you.
You hit the hobgoblin.
The hobgoblin is almost dead.
The hobgoblin closely misses you.
You hit the hobgoblin but do no damage.
The hobgoblin is almost dead.
The goblin barely misses you.
You hit the hobgoblin.
You kill the hobgoblin!
The goblin hits you with a dagger.
* * * LOW HITPOINT WARNING * * *
The goblin hits you with a dagger.
* * * LOW HITPOINT WARNING * * *
Things that are here:
a club; a hobgoblin corpse You hit the goblin.
You bite the goblin.
The goblin is heavily wounded.
The goblin misses you.
You hit the goblin.
You kill the goblin!
You have reached level 2!
Things that are here:
a dagger; a dart slug corpse A giant cockroach comes into view.
The goblin shouts!
An adder comes into view.
Are you sure you want to abandon this character and quit the game? (Confirm with "yes".)

##....# #############...
#.....######.............#
#........................#
#.................)).....#
#...†......>.......).....+
#.###....................#
#.................#####.##
#####.......####.## #
######### #@# #.# ..# ....
...## ..s. #...g ...S.


You could see an adder (wandering), a giant cockroach (wandering) and a goblin.

Vanquished Creatures
  A dart slug (D:2)
  2 goblins (D:2)
  A hobgoblin (D:2)
  A kobold (D:2)
5 creatures vanquished.

Notes
Turn   | Place    | Note
-------+----------+-------------------------------------------
     0 | D:1      | tidbits the Gnoll Assassin began the quest for the Orb.
     0 | D:1      | Reached XP level 1. HP: 20/20 MP: 1/1
    64 | D:2      | HP: 2/20 [goblin/dagger (2)]
    66 | D:2      | Reached XP level 2. HP: 3/26 MP: 2/2
    73 | D:2      | Quit the game

Vault maps used:
D:1:      dpeg_arrival_long_road, minmay_quantized
D:3:      nicolae_ru_sacrificial_ziggurat

Action                   || total
-------------------------++-------
Melee: Dagger            ||    16
       Bite              ||     2
 Stab: Sleeping          ||     1
Dodge: Dodged            ||    10

Table legend:
 A = Spawn XP
 B = Non-spawn XP
 C = Spawn XP percentage of total XP
 D = Spawn monster count
 E = Non-spawn monster count
 F = Spawn count percentage of total count
 G = Total turns spent on level
                    A         B        C        D         E        F      G
               +---------+---------+-------+---------+---------+-------+---------
         Total |       0 |      11 |   0.0 |       0 |       5 |   0.0 |    73
               +---------+---------+-------+---------+---------+-------+---------
           D:2 |       0 |      11 |   0.0 |       0 |       5 |   0.0 |    55
               +---------+---------+-------+---------+---------+-------+---------

Table legend:
 A = Turns spent in this place as a percentage of turns spent in the entire game.
 B = Non-inter-level travel turns spent in this place as a percentage of non-inter-level travel turns spent in the entire game.
 C = Inter-level travel turns spent in this place as a percentage of turns spent in this place.
 D = Turns resting spent in this place as a percentage of non-inter-level travel turns spent in this place.
 E = Turns spent auto-exploring this place as a percentage of non-inter-level travel turns spent in this place.
 F = Non-inter-level travel turns spent in this place divided by the number of levels of this place that you've seen.
                   A       B       C       D       E      F
               +-------+-------+-------+-------+-------+----------------------
         Total | 100.0 | 100.0 |   0.0 |   0.0 |   0.0 |  24.3
       Dungeon | 100.0 | 100.0 |   0.0 |   0.0 |   0.0 |  24.3
               +-------+-------+-------+-------+-------+----------------------

Table legend:
 A = Kills in this place as a percentage of kills in entire the game.
 B = Kills by you in this place as a percentage of kills by you in the entire game.
 C = Kills by friends in this place as a percentage of kills by friends in the entire game.
 D = Other kills in this place as a percentage of other kills in the entire game.
 E = Experience gained in this place as a percentage of experience gained in the entire game.
 F = Experience gained in this place divided by the number of levels of this place that you have seen.
                   A       B       C       D       E      F
               +-------+-------+-------+-------+-------+----------------------
         Total | 100.0 | 100.0 |   N/A |   N/A | 100.0 |   3.7
       Dungeon | 100.0 | 100.0 |   N/A |   N/A | 100.0 |   3.7
               +-------+-------+-------+-------+-------+----------------------

Vault maps used:
D:1:      dpeg_arrival_long_road, minmay_quantized
D:3:      nicolae_ru_sacrificial_ziggurat
